PCL
HOUSTON HAMMERTIME @ REDWOOD CITY REDWOODS
09/10/2026
 
TOP OF THE 1ST
Houston Hammertime batting - Pitching for Redwood City Redwoods : LHP Phil Davis
Pitching: LHP Phil Davis
Batting: RHB Dan Mason 0-0: Called Strike
0-1: Foul Ball, location: 2F
0-2: Ball
1-2: Strikes out swinging
Batting: LHB Bartolo Villanueva 0-0: Called Strike
0-1: Ball
1-1: Ball
2-1: Ball
3-1: Called Strike
3-2: Foul Ball, location: 2F
3-2: Base on Balls
Batting: RHB Moo-hyun Pak 0-0: Called Strike
0-1: Ball
1-1: Ball
2-1: Fly out, F4 (Line Drive, 4)
Batting: LHB Juan Cabańas 0-0: Fly out, F4 (Line Drive, 4)
Top of the 1st over - 0 run(s), 0 hit(s), 0 error(s), 1 left on base; Houston 0 - Redwood City 0
BOTTOM OF THE 1ST
Redwood City Redwoods batting - Pitching for Houston Hammertime : RHP António Galindo
Pitching: RHP António Galindo
Batting: RHB Bob Campbell 0-0: Ball
1-0: Ball
2-0: Swinging Strike
2-1: Ball
3-1: Ground out 6-3 (Groundball, 56)
Batting: RHB Philip Burke 0-0: Ball
1-0: Called Strike
1-1: Swinging Strike
1-2: Foul Ball, location: 2F
1-2: DOUBLE (Groundball, 5L)
Batting: LHB Germán Charfauros 0-0: Called Strike
0-1: Called Strike
Philip Burke steals 3rd base
0-2: Strikes out looking
Batting: LHB Ryan Hensley 0-0: Called Strike
0-1: Called Strike
0-2: Ball
Balk!
Philip Burke scores
1-2: Strikes out swinging
Bottom of the 1st over - 1 run(s), 1 hit(s), 0 error(s), 0 left on base; Houston 0 - Redwood City 1
TOP OF THE 2ND
Houston Hammertime batting - Pitching for Redwood City Redwoods : LHP Phil Davis
Batting: RHB Alberto Chávez 0-0: Called Strike
0-1: Swinging Strike
0-2: Strikes out swinging
Batting: RHB Rafael Torres 0-0: Called Strike
0-1: Foul Ball, location: 2F
0-2: Ball
1-2: Foul Ball, location: 2F
1-2: Foul Ball, location: 2F
1-2: Ground out 5-3 (Groundball, 56)
Batting: LHB José Villegas 0-0: Called Strike
0-1: Ground out 4-3 (Groundball, 4)
Top of the 2nd over - 0 run(s), 0 hit(s), 0 error(s), 0 left on base; Houston 0 - Redwood City 1
BOTTOM OF THE 2ND
Redwood City Redwoods batting - Pitching for Houston Hammertime : RHP António Galindo
Batting: RHB Xavier Feliciano 0-0: SINGLE (Flyball, 8RS)
Batting: LHB Paul Alexander 0-0: Called Strike
0-1: Foul Ball, location: 2F
0-2: Foul Ball, location: 2F
0-2: Ball
Passed Ball!
Xavier Feliciano to second
1-2: Strikes out swinging
Batting: LHB Pedro Rodríguez 0-0: Called Strike
0-1: SINGLE (Groundball, 4M)
Xavier Feliciano to third
Runner from 3rd tries for Home, SAFE, throw made home
Pedro Rodríguez to second
Batting: RHB Júlio Trinidad 0-0: SINGLE (Line Drive, 8LS)
Pedro Rodríguez to third
Runner from 3rd tries for Home, SAFE, no throw or cutoff
Batting: RHB Jesús Cuevas 0-0: Ball
1-0: Ball
2-0: Ball
3-0: Called Strike
3-1: Foul Ball, location: 2F
3-2: Strikes out looking
Batting: RHB Bob Campbell 0-0: Called Strike
0-1: Foul Ball, location: 2F
0-2: Ball
1-2: Foul Ball, location: 2F
1-2: Strikes out swinging
Bottom of the 2nd over - 2 run(s), 3 hit(s), 0 error(s), 1 left on base; Houston 0 - Redwood City 3
TOP OF THE 3RD
Houston Hammertime batting - Pitching for Redwood City Redwoods : LHP Phil Davis
Batting: RHB Domingo Matos 0-0: Called Strike
0-1: Ball
1-1: Ball
2-1: Foul Ball, location: 2F
2-2: Strikes out swinging
Batting: LHB Fernando Camacho 0-0: Swinging Strike
0-1: Ball
1-1: Swinging Strike
1-2: Ball
2-2: Ball
3-2: Ground out 4-3 (Groundball, 13)
Batting: RHB Dan Mason 0-0: Ground out 6-3 (Groundball, 6)
Top of the 3rd over - 0 run(s), 0 hit(s), 0 error(s), 0 left on base; Houston 0 - Redwood City 3
BOTTOM OF THE 3RD
Redwood City Redwoods batting - Pitching for Houston Hammertime : RHP António Galindo
Batting: RHB Philip Burke 0-0: Ball
1-0: Called Strike
1-1: Called Strike
1-2: Ball
2-2: Ground out 6-3 (Groundball, 6)
Batting: LHB Germán Charfauros 0-0: Foul Ball, location: 2F
0-1: Ball
1-1: Ball
2-1: Ball
3-1: Base on Balls
Batting: LHB Ryan Hensley 0-0: Called Strike
0-1: Ball
1-1: Foul Ball, location: 2F
1-2: SINGLE (Groundball, 34D)
Germán Charfauros to second
Runner from 2nd tries for 3rd, SAFE, throw made to third
Batting: RHB Xavier Feliciano 0-0: Ball
1-0: Called Strike
1-1: Grounds into double play, 4-6-3 (Groundball, 4)
Bottom of the 3rd over - 0 run(s), 1 hit(s), 0 error(s), 1 left on base; Houston 0 - Redwood City 3
TOP OF THE 4TH
Houston Hammertime batting - Pitching for Redwood City Redwoods : LHP Phil Davis
Batting: LHB Bartolo Villanueva 0-0: Ball
1-0: Called Strike
1-1: Swinging Strike
1-2: Strikes out looking
Batting: RHB Moo-hyun Pak 0-0: Foul Ball, location: 2F
0-1: SINGLE (Line Drive, 7S)
Batting: LHB Juan Cabańas 0-0: Swinging Strike
0-1: Foul Ball, location: 2F
0-2: Ball
1-2: DOUBLE (Line Drive, 9LD)
Moo-hyun Pak to third
Batting: RHB Alberto Chávez 0-0: Fly out, F9 (Flyball, 9M)
Runner from 3rd tags up, SCORES, throw made
Batting: RHB Rafael Torres 0-0: Ball
1-0: Swinging Strike
1-1: Swinging Strike
1-2: Foul Ball, location: 2F
1-2: Strikes out swinging
Top of the 4th over - 1 run(s), 2 hit(s), 0 error(s), 1 left on base; Houston 1 - Redwood City 3
BOTTOM OF THE 4TH
Redwood City Redwoods batting - Pitching for Houston Hammertime : RHP António Galindo
Batting: LHB Paul Alexander 0-0: Ball
1-0: Foul Ball, location: 2F
1-1: Ball
2-1: Ball
3-1: Ground out 4-3 (Groundball, 4)
Batting: LHB Pedro Rodríguez 0-0: Ball
1-0: Swinging Strike
1-1: Foul Ball, location: 2F
1-2: Foul Ball, location: 2F
1-2: Ground out 6-3 (Groundball, 6M)
Batting: RHB Júlio Trinidad 0-0: Called Strike
0-1: Ball
1-1: Ball
2-1: Ball
3-1: Base on Balls
Batting: RHB Jesús Cuevas 0-0: Swinging Strike
0-1: Ball
1-1: Ball
2-1: Ball
3-1: Base on Balls
Júlio Trinidad to second
Batting: RHB Bob Campbell 0-0: Ball
1-0: Fielders Choice at 2nd, 6-4 (Groundball, 6MS)
Bottom of the 4th over - 0 run(s), 0 hit(s), 0 error(s), 1 left on base; Houston 1 - Redwood City 3
TOP OF THE 5TH
Houston Hammertime batting - Pitching for Redwood City Redwoods : LHP Phil Davis
Batting: LHB José Villegas 0-0: Foul Ball, location: 2F
0-1: Ground out 3-1 (Groundball, 34S)
Batting: RHB Domingo Matos 0-0: Called Strike
0-1: Called Strike
0-2: Ball
1-2: Strikes out swinging
Batting: LHB Fernando Camacho 0-0: Fly out, F9 (Line Drive, 9M)
Top of the 5th over - 0 run(s), 0 hit(s), 0 error(s), 0 left on base; Houston 1 - Redwood City 3
BOTTOM OF THE 5TH
Redwood City Redwoods batting - Pitching for Houston Hammertime : RHP António Galindo
Batting: RHB Philip Burke 0-0: Ball
1-0: Foul Ball, location: 2F
1-1: Ground out 4-3 (Groundball, 4)
Batting: LHB Germán Charfauros 0-0: Ball
1-0: Foul Ball, location: 2F
1-1: Called Strike
1-2: Ground out 4-3 (Groundball, 4)
Batting: LHB Ryan Hensley 0-0: Ball
1-0: Fly out, F8 (Flyball, 8RXD)
Bottom of the 5th over - 0 run(s), 0 hit(s), 0 error(s), 0 left on base; Houston 1 - Redwood City 3
TOP OF THE 6TH
Houston Hammertime batting - Pitching for Redwood City Redwoods : LHP Phil Davis
Batting: RHB Dan Mason 0-0: Called Strike
0-1: Ball
1-1: Called Strike
1-2: Ball
2-2: Ball
3-2: Foul Ball, location: 2F
3-2: DOUBLE (Line Drive, 7LS)
Batting: LHB Bartolo Villanueva 0-0: Called Strike
0-1: Ball
Dan Mason steals 3rd base
1-1: Called Strike
1-2: SINGLE (Line Drive, 34D)
Dan Mason scores
Batting: RHB Moo-hyun Pak 0-0: Ball
1-0: Ball
2-0: Ball
3-0: Called Strike
3-1: Base on Balls
Bartolo Villanueva to second
Batting: LHB Juan Cabańas 0-0: Ball
1-0: Swinging Strike
1-1: Ball
2-1: SINGLE (Groundball, 34D)
Bartolo Villanueva to third
Moo-hyun Pak to second
Pitching: RHP Manuel Mora
Batting: RHB Alberto Chávez 0-0: Called Strike
0-1: Ball
1-1: Foul Ball, location: 2F
1-2: Ball
2-2: Ball
3-2: Base on Balls
Bartolo Villanueva scores
Moo-hyun Pak to third
Juan Cabańas to second
Batting: RHB Rafael Torres 0-0: Foul Ball, location: 2F
0-1: Called Strike
0-2: Fly out, F4 (Line Drive, 4)
Batting: LHB José Villegas 0-0: DOUBLE (Line Drive, 9LS)
Moo-hyun Pak scores
Juan Cabańas scores
Alberto Chávez to third
Batting: RHB Domingo Matos 0-0: Ball
1-0: Ball
2-0: Called Strike
2-1: SINGLE (Groundball, 6MD)
Alberto Chávez scores
José Villegas to third
Batting: LHB Fernando Camacho 0-0: Ball
1-0: Ball
2-0: Fielders Choice at 2nd, 3-6 (Groundball, 3)
José Villegas scores
Batting: RHB Dan Mason 0-0: Called Strike
0-1: Ball
1-1: 2-RUN HOME RUN (Flyball, 78XD), Distance : 415 ft
Pitching: RHP Ron Williams
Batting: LHB Bartolo Villanueva 0-0: Ball
1-0: Ball
2-0: Ball
3-0: Called Strike
3-1: Called Strike
3-2: Base on Balls
Batting: RHB Moo-hyun Pak 0-0: Called Strike
0-1: Fielders Choice at 2nd, U4 (Groundball, 4M)
Top of the 6th over - 8 run(s), 6 hit(s), 0 error(s), 1 left on base; Houston 9 - Redwood City 3
BOTTOM OF THE 6TH
Redwood City Redwoods batting - Pitching for Houston Hammertime : RHP António Galindo
Batting: RHB Xavier Feliciano 0-0: Called Strike
0-1: DOUBLE (Flyball, 89XD)
Batting: LHB Paul Alexander 0-0: Called Strike
0-1: Ground out 1-3 (Groundball, 13S)
Xavier Feliciano to third
Batting: LHB Pedro Rodríguez 0-0: Ball
1-0: Foul Ball, location: 2F
1-1: Fly out, F7 (Flyball, 78M)
Runner from 3rd tags up, SCORES, throw made
Batting: RHB Júlio Trinidad 0-0: Foul Ball, location: 2F
0-1: DOUBLE (Groundball, 5L)
Batting: RHB Jesús Cuevas 0-0: Foul Ball, location: 2F
0-1: Swinging Strike
0-2: Strikes out swinging
Bottom of the 6th over - 1 run(s), 2 hit(s), 0 error(s), 1 left on base; Houston 9 - Redwood City 4
TOP OF THE 7TH
Houston Hammertime batting - Pitching for Redwood City Redwoods : RHP Ron Williams
Batting: LHB Juan Cabańas 0-0: Ball
1-0: Called Strike
1-1: Called Strike
1-2: Ball
2-2: Strikes out swinging
Batting: RHB Alberto Chávez 0-0: Called Strike
0-1: Ball
1-1: Ground out 5-3 (Groundball, 5S)
Batting: RHB Rafael Torres 0-0: Ball
1-0: Ball
2-0: SINGLE (Groundball, 6MD)
Batting: LHB José Villegas 0-0: Ball
1-0: Ball
2-0: Ball
3-0: Base on Balls
Rafael Torres to second
Batting: RHB Domingo Matos 0-0: Ball
1-0: Ball
2-0: Ball
3-0: Base on Balls
Rafael Torres to third
José Villegas to second
Batting: LHB Fernando Camacho 0-0: Ball
1-0: Swinging Strike
1-1: Ball
2-1: Ball
3-1: Swinging Strike
3-2: Ground out 4-3 (Groundball, 4M)
Top of the 7th over - 0 run(s), 1 hit(s), 0 error(s), 3 left on base; Houston 9 - Redwood City 4
BOTTOM OF THE 7TH
Redwood City Redwoods batting - Pitching for Houston Hammertime : RHP António Galindo
Pitching: RHP Stanley Edwards
Batting: RHB Bob Campbell 0-0: Ball
1-0: Called Strike
1-1: Ball
2-1: Fly out, F9 (Flyball, 89S)
Batting: RHB Philip Burke 0-0: SINGLE (Groundball, 56D)
Batting: LHB Germán Charfauros 0-0: Called Strike
0-1: Ball
1-1: Fielders Choice at 2nd, 4-6 (Groundball, 4)
Batting: LHB Ryan Hensley 0-0: Ball
Germán Charfauros steals 2nd base
1-0: Foul Ball, location: 2F
1-1: Foul Ball, location: 2F
1-2: Strikes out swinging
Bottom of the 7th over - 0 run(s), 1 hit(s), 0 error(s), 1 left on base; Houston 9 - Redwood City 4
TOP OF THE 8TH
Houston Hammertime batting - Pitching for Redwood City Redwoods : RHP Ron Williams
Batting: RHB Dan Mason 0-0: Ground out 6-3 (Groundball, 6)
Batting: LHB Bartolo Villanueva 0-0: Ball
1-0: Foul Ball, location: 2F
1-1: Ball
2-1: Ball
3-1: Fly out, F6 (Popup, 6M)
Batting: RHB Moo-hyun Pak 0-0: Ball
1-0: Ball
2-0: Ball
3-0: Called Strike
3-1: Ground out 1-3 (Groundball, 13S)
Top of the 8th over - 0 run(s), 0 hit(s), 0 error(s), 0 left on base; Houston 9 - Redwood City 4
BOTTOM OF THE 8TH
Redwood City Redwoods batting - Pitching for Houston Hammertime : RHP Stanley Edwards
Batting: RHB Xavier Feliciano 0-0: Called Strike
0-1: Ball
1-1: Foul Ball, location: 2F
1-2: Strikes out looking
Batting: LHB Paul Alexander 0-0: Called Strike
0-1: Ball
1-1: Fly out, F7 (Flyball, 7LM)
Batting: LHB Pedro Rodríguez 0-0: Ball
1-0: Ground out 4-3 (Groundball, 4)
Bottom of the 8th over - 0 run(s), 0 hit(s), 0 error(s), 0 left on base; Houston 9 - Redwood City 4
TOP OF THE 9TH
Houston Hammertime batting - Pitching for Redwood City Redwoods : RHP Ron Williams
Pitching: LHP George Owens
Batting: LHB Juan Cabańas 0-0: Foul Ball, location: 2F
0-1: SINGLE (Groundball, 4M)
Batting: RHB Alberto Chávez 0-0: Called Strike
0-1: SINGLE (Line Drive, 56D)
Juan Cabańas to second
Batting: RHB Rafael Torres 0-0: Bunted foul
0-1: Bunt missed!
0-2: Fly out, F7 (Popup, 6D)
Batting: LHB José Villegas 0-0: Foul Ball, location: 2F
0-1: Swinging Strike
0-2: DOUBLE (Line Drive, 9M)
Juan Cabańas scores
Alberto Chávez to third
Runner from 3rd tries for Home, SAFE, throw made home
Batting: RHB Domingo Matos 0-0: Called Strike
0-1: Called Strike
0-2: Ball
1-2: DOUBLE (Line Drive, 9LS)
José Villegas scores
Batting: LHB Fernando Camacho 0-0: Ball
1-0: Ball
2-0: Called Strike
2-1: Ball
3-1: Called Strike
3-2: Base on Balls
Batting: RHB Dan Mason 0-0: Ball
1-0: Foul Ball, location: 2F
1-1: Foul Ball, location: 2F
1-2: DOUBLE (Flyball, 8LXD)
Domingo Matos scores
Fernando Camacho to third
Runner from 3rd tries for Home, SAFE, throw made home
Pitching: RHP Júlio Castro
Batting: LHB Bartolo Villanueva 0-0: Ball
1-0: Ball
Dan Mason steals 3rd base
2-0: Called Strike
2-1: Swinging Strike
2-2: Foul Ball, location: 2F
2-2: Foul Ball, location: 2F
2-2: Ball
3-2: Strikes out looking
Batting: RHB Moo-hyun Pak 0-0: Foul Ball, location: 2F
0-1: Foul Ball, location: 2F
0-2: Foul Ball, location: 2F
0-2: Foul Ball, location: 2F
0-2: Ball
1-2: SINGLE (Flyball, 8RS)
Dan Mason scores
Batting: LHB Juan Cabańas 0-0: Ball
1-0: Called Strike
1-1: Ball
2-1: Ball
3-1: Foul Ball, location: 2F
3-2: Base on Balls
Moo-hyun Pak to second
Batting: RHB Alberto Chávez 0-0: Ball
1-0: Foul Ball, location: 2F
1-1: Ground out 6-3 (Groundball, 56)
Top of the 9th over - 6 run(s), 6 hit(s), 0 error(s), 2 left on base; Houston 15 - Redwood City 4
BOTTOM OF THE 9TH
Redwood City Redwoods batting - Pitching for Houston Hammertime : RHP Stanley Edwards
Pinch Hitting: RHB Anastasio García 0-0: Ball
1-0: Ball
2-0: Ball
3-0: Called Strike
3-1: Called Strike
3-2: Foul Ball, location: 2F
3-2: SINGLE (Line Drive, 89M)
Batting: RHB Jesús Cuevas 0-0: Ball
1-0: Called Strike
1-1: Swinging Strike
1-2: Strikes out looking
Batting: RHB Bob Campbell 0-0: Called Strike
0-1: Fielders Choice at 2nd, 6-4 (Groundball, 6)
Batting: RHB Philip Burke 0-0: Called Strike
0-1: Ball
1-1: Foul Ball, location: 2F
1-2: Fly out, F9 (Flyball, 9S)
Bottom of the 9th over - 0 run(s), 1 hit(s), 0 error(s), 1 left on base; Houston 15 - Redwood City 4
Monday, December 5th, 2016 - OOTP Baseball 17.12 Build 75